 Dungeon Crawl Stone Soup version 0.27.1-3-gb3d3a73c9e (webtiles) character file.

Game seed: 10375655917829989861

479 barney the Changer (level 6, -1/47 HPs)
             Began as a Draconian Transmuter on Oct 6, 2021.
             Shot with an arrow by a centaur (4 damage)
             ... on level 5 of the Dungeon.
             The game lasted 00:04:55 (5304 turns).

barney the Changer (Draconian Transmuter)           Turns: 5304, Time: 00:04:56

Health: -1/47      AC:  6    Str: 13    XL:     6   Next: 86%
Magic:  9/9        EV: 12    Int: 15    God:
Gold:   269        SH:  5    Dex: 11    Spells: 3/9 levels left

rFire    . . .     SeeInvis .   q - +7 mace "Beastslayer" {venom, Drain rC+ rN++}
rCold    + . .     Faith    .   (no shield)
rNeg     + + .     Spirit   .   (armour unavailable)
rPois    .         Reflect  +   (helmet restricted)
rElec    .         Harm     .   (no cloak)
rCorr    .         Rampage  .   (no gloves)
Will     .....                  (no boots)
Stlth    +.........             n - amulet of reflection
HPRegen  0.15/turn              (no ring)
MPRegen  0.11/turn              (no ring)

@: no status effects
A: AC +6, unfitting armour, cold-blooded
a: no special abilities


You were on level 5 of the Dungeon.
You visited 1 branch of the dungeon, and saw 5 of its levels.

You collected 269 gold pieces.

Inventory:

Hand Weapons
 c - a +0 short sword
 q - the +7 mace "Beastslayer" (weapon) {venom, Drain rC+ rN++}
   (You found it on level 4 of the Dungeon)

   It poisons the flesh of those it strikes.
   rC:        It protects you from cold.
   rN:        It greatly protects you from negative energy.
   Drain:     It drains your maximum health when unequipped.
Jewellery
 j - an amulet of regeneration
 n - an amulet of reflection (around neck)
Scrolls
 a - 3 scrolls of magic mapping
 b - 3 scrolls of teleportation {unknown}
 e - 2 scrolls of noise {unknown}
 g - 3 scrolls of identify {unknown}
 k - 4 scrolls of fear {unknown}
 m - 2 scrolls of enchant weapon {unknown}
 p - a scroll of blinking {unknown}
Potions
 d - a potion of resistance {unknown}
 f - a potion of might {unknown}
 h - a potion of berserk rage {unknown}
 l - a potion of curing {unknown}
 o - a potion of degeneration {unknown}
 r - a potion of invisibility {unknown}


   Skills:
 - Level 1.2 Fighting
 - Level 2.1 Dodging
 - Level 0.2 Stealth
 - Level 3.7 Unarmed Combat
 - Level 2.4 Spellcasting
 + Level 6.7 Transmutations


You had 3 spell levels left.
You knew the following spells:

 Your Spells              Type           Power      Damage    Failure   Level
a - Beastly Appendage     Tmut           44%        N/A       1%          1
b - Spider Form           Tmut/Pois      5%         N/A       16%         3
c - Wereblood             Tmut           22%        N/A       1%          2

Your spell library contained the following spells:

 Spells                   Type           Power      Damage    Failure   Level
 Freeze                   Ice            4%         1d3       22%         1
 Frozen Ramparts          Ice            2%         1d2       54%         3
 Ice Form                 Ice/Tmut       11%        N/A       47%         4
 Hailstorm                Conj/Ice       1%         3d3       91%         4


Dungeon Overview and Level Annotations

Branches:
Dungeon (5/15)
 Temple: D:4-7

Altars:
Ashenzari
Okawaru

Shops:
D:2 ?((=   D:4 ?   D:5 **


Innate Abilities, Weirdness & Mutations

Your plain brown scales are hard. (AC +6)
You cannot fit into any form of body armour.
You are cold-blooded and may be slowed by cold attacks.


Message History

The water moccasin barely misses you. The water moccasin bites you.
You sock the water moccasin!
The water moccasin is heavily wounded.
You feel sick. The water moccasin bites you.
The water moccasin barely misses you.
You closely miss the water moccasin. Your kick misses the water moccasin.
The water moccasin is heavily wounded.
You feel sick. The water moccasin closely misses you.
The water moccasin bites you.
You thump the water moccasin! You headbutt the water moccasin.
You kill the water moccasin!
You feel sick.
You feel sick.
You see here a water moccasin corpse.
You start resting.
Magic restored.
You feel sick.
You start resting.
You feel sick.
You are no longer poisoned.
You start resting.
A centaur comes into view.
A centaur is nearby!
A centaur is nearby!
A centaur is nearby!
As you open the door, it creaks loudly!
Found Adgholuat's General Store.
The centaur wields a +0 shortbow.
The centaur shoots an arrow.
The arrow closely misses you.
There is an open door here.
The centaur shoots an arrow.
The arrow hits you!
* * * LOW HITPOINT WARNING * * *
There is an entrance to Adgholuat's General Store here.
You open the door.
The centaur shoots an arrow.
You reflect the arrow off an invisible shield around you!
The arrow hits the centaur!
The centaur shoots an arrow.
The arrow hits you!
* * * LOW HITPOINT WARNING * * *
It was a potion of cancellation.
Your magical effects are unravelling.
You feel magically purged.
Your horns disappear.
Your talons disappear.
The centaur shoots an arrow.
The arrow hits you.
You die...

####.. .... #.....#
.... #.....# ..
#.....# #. ##(....##
.###.
........######...##..
#.............###...
#'#.†..c######....
+@'.##.......#.8..
#+#####.#..c......
#......#......>
..........##...
##......(...#8..
#...........##.
#...........##(
###.........###
#.........#


You could see a centaur.

Vanquished Creatures
  A water moccasin (D:5)
  A black bear (D:4)
  A bullfrog skeleton (D:4)
  A centaur skeleton (D:4)
  2 orc wizards (D:4)
  2 adders
  3 gnolls
  An adder skeleton (D:4)
  3 worms
  3 dart slugs
  4 orcs (D:4)
  6 endoplasms
  3 giant cockroaches
  10 goblins
  9 hobgoblins
  4 jackals (D:2)
  5 quokkas
  11 ball pythons
  7 bats
  6 frilled lizards
  12 kobolds
  11 rats
106 creatures vanquished.

Vanquished Creatures (others)
  22 plants
22 creatures vanquished.

Grand Total: 128 creatures vanquished

Notes
Turn   | Place    | Note
-------+----------+-------------------------------------------
     0 | D:1      | barney the Draconian Transmuter began the quest for the
                  | Orb.
     0 | D:1      | Reached XP level 1. HP: 16/16 MP: 3/3
    78 | D:1      | Reached XP level 2. HP: 15/23 MP: 3/5
   935 | D:1      | Reached XP level 3. HP: 16/28 MP: 4/6
  1463 | D:1      | Found a faded altar of an unknown god.
  2023 | D:2      | Found Pizen's Weapon Shoppe.
  2250 | D:2      | Found Xoacibbo's Jewellery Shoppe.
  2265 | D:2      | Reached skill level 3 in Transmutations
  2265 | D:2      | Reached XP level 4. HP: 30/35 MP: 7/7
  2382 | D:2      | Learned a level 3 spell: Spider Form
  2385 | D:2      | Learned a level 2 spell: Wereblood
  2729 | D:2      | Found Naedapoph's Weapon Boutique.
  3180 | D:2      | Found Aratarr's Magic Scroll Shop.
  3570 | D:3      | Reached skill level 4 in Transmutations
  3982 | D:3      | Reached XP level 5. HP: 40/40 MP: 6/8
  4403 | D:4      | Reached skill level 5 in Transmutations
  4456 | D:4      | Found Nofool's Magic Scroll Shop.
  4528 | D:4      | Found a broken altar of Ashenzari.
  4564 | D:4      | Noticed a black bear
  4581 | D:4      | Killed a black bear
  4582 | D:4      | Reached XP level 6. HP: 20/47 MP: 6/9
  4795 | D:4      | Found an iron altar of Okawaru.
  4839 | D:4      | Identified the +7 mace "Beastslayer" {venom, Drain rC+
                  | rN++}
  5042 | D:4      | Reached skill level 6 in Transmutations
  5259 | D:5      | Entered Level 5 of the Dungeon
  5259 | D:5      | Found Komuapho's General Store.
  5275 | D:5      | Noticed a water moccasin
  5284 | D:5      | Killed a water moccasin
  5300 | D:5      | Found Adgholuat's General Store.
  5304 | D:5      | Shot with an arrow by a centaur

Illustrated notes

Levels and vault maps discovered:
D:1:      shiori_arrival_elements, layout_loops_ring,
          chequers_ecumenical_altar_simple, st_stairs_11, minmay_ruptured
D:2:      layout_loops_ring, serial_shops, nicolae_shop_crystal,
          nicolae_shop_temple_entry_statues_fountains, nicolae_square_shop,
          nicolae_shop_crystal, kennysheep_potato
D:3:      layout_rooms, serial_bayou, serial_bayou_crossing,
          serial_bayou_pond_e, serial_bayou_lagoon_a, serial_bayou_pond_c
D:4:      layout_rooms, kennysheep_mini_moat, cheibrodos_ashenzari_chains,
          serial_shops, nicolae_stop_n_shop_2, serial_bayou_lagoon_b
D:5:      layout_rooms, serial_shops, kennysheep_mini, shop,
          nicolae_stop_n_shop_1, nicolae_stop_n_shop_2, serial_rivers,
          chequers_serial_rivers_large_a, chequers_serial_rivers_micro_a,
          chequers_serial_rivers_micro_b, chequers_serial_rivers_small_b,
          chequers_serial_rivers_room_b, uniq_crazy_yiuf_cottage, uniq_eustachio

Skill      XL: |  1  2  3  4  5  6 |
---------------+-------------------+-----
Dodging        | 2 |  2.1
Transmutations | 3 4 5 6 |  6.7
Fighting       | |  1.2
Stealth        | |  0.2
Unarmed Combat | |  3.7
Spellcasting   | |  2.4

Action                   |  1- 3 |  4- 6 || total
-------------------------+-------+-------++-------
Melee: Unarmed           |    28 |    54 ||    82
       Kick              |    17 |     8 ||    25
       Tailslap          |    12 |    16 ||    28
       Short sword       |   125 |   133 ||   258
       Headbutt          |     3 |     3 ||     6
       Punch             |       |     1 ||     1
       Mace              |       |    14 ||    14
 Cast: Beastly Appendage |    17 |    12 ||    29
       Spider Form       |       |     6 ||     6
       Wereblood         |       |     2 ||     2
  Use: Scroll            |       |     1 ||     1
       Potion            |       |     1 ||     1
 Stab: Sleeping          |     2 |     1 ||     3
Armor: Skin              |    58 |    50 ||   108
Dodge: Dodged            |   137 |   153 ||   290
Block: Other             |       |     4 ||     4
       Reflection        |       |     1 ||     1
